 Dungeon Crawl Stone Soup version 0.16.1-7-g2c6721e (webtiles) character file.

21 Gorice the Skirmisher (level 2, -2/24 HPs)
             Began as a Demonspawn Wanderer on Mar 29, 2015.
             Slain by a gnoll
             ... wielding a +0 halberd
              (12 damage)
             ... on level 3 of the Dungeon.
             The game lasted 00:01:55 (560 turns).

Gorice the Skirmisher (Demonspawn Wanderer)          Turns: 560, Time: 00:01:55

Health: -2/24      AC:  5    Str: 12    XL:     2   Next: 62%
Magic:  2/2        EV: 10    Int: 13    God:
Gold:   15         SH:  0    Dex: 12    Spells: 0 memorised, 1 level left

rFire  . . .     SeeInvis .     c - +0 hand axe
rCold  . . .     Clarity  .     b - +0 ring mail
rNeg   . . .     SustAb   .     (no shield)
rPois  .         Gourm    .     (no helmet)
rElec  .         Spirit   .     (no cloak)
rCorr  .         Warding  .     (no gloves)
rMut   .         Stasis   .     (no boots)
MR     .....                    (no amulet)
Stlth  ..........               (no ring)
                                e - ring of loudness (curse)

@: not resistant to hostile enchantments, extremely unstealthy
A: hooves 1
a: no special abilities


You were on level 3 of the Dungeon.
You were not hungry.

You visited 1 branch of the dungeon, and saw 3 of its levels.

You collected 15 gold pieces.

Inventory:

Hand weapons
 c - a +0 hand axe (weapon)
 i - a +0 hunting sling
Missiles
 Z - 23 stones (quivered)
Armour
 b - a +0 ring mail (worn)
Jewellery
 e - a cursed ring of loudness (left hand)
Magical devices
 a - a wand of frost (15)
Scrolls
 j - a scroll of amnesia {unknown}
 l - a scroll of identify {unknown}
 m - a scroll of remove curse {unknown}
Potions
 g - 2 potions of cancellation {unknown}
 k - a potion of agility {unknown}
 n - a potion of invisibility {unknown}
 o - a potion of heal wounds {unknown}
Comestibles
 d - a bread ration {!e}
 h - a slice of pizza


   Skills:
 - Level 3.0 Fighting
 * Level 2.4 Axes
 - Level 1.7 Armour
 - Level 1.0 Dodging
 - Level 1.0 Stealth
 - Level 2.0 Evocations


You had one spell level left.
You didn't know any spells.

Dungeon Overview and Level Annotations

Branches:
Dungeon (3/15)

Altars:
Xom


Innate Abilities, Weirdness & Mutations

You have large cloven feet.


Message History

Some of the chunks of flesh in your inventory have rotted away.
Things that are here:
16 arrows of frost; an adder corpse You butcher the adder corpse.
f - 5 chunks of flesh (gained 1)
You see here 16 arrows of frost.
You start resting.
Some of the chunks of flesh in your inventory have rotted away.
You start resting.
Some of the chunks of flesh in your inventory have rotted away.
You start resting.
All of the chunks of flesh in your inventory have rotted away.
You start resting.
HP restored.
There is a stone staircase leading down here.
You climb downwards. 2 gnolls and an orc come into view.
The gnoll shouts! x2
The orc shouts!
Found three items.
Found a stone staircase leading down.
There is a stone staircase leading up here.
The orc throws a steel tomahawk.
The steel tomahawk hits you.
A gnoll comes into view.
You see here a steel tomahawk.
You take 1 damage.
The orc throws a steel tomahawk.
The steel tomahawk closely misses you.
Found a shimmering altar of Xom.
You hit the orc but do no damage. The orc hits you.
A gnoll comes into view. It is wielding a halberd.
You take 4 damage.
The gnoll shouts!
You hit the orc but do no damage. Your kick misses the orc. The orc misses you.
You closely miss the orc. The orc closely misses you.
You closely miss the orc. Your kick misses the orc. The orc barely misses you.
The gnoll hits you from afar with a halberd!
You take 9 damage.
You hit the orc but do no damage. You hit the gnoll.
The gnoll is moderately wounded.
The orc hits you but does no damage. The gnoll closely misses you.
The gnoll hits you but does no damage.
The gnoll shouts!
You hit the orc. Your kick misses the orc.
The orc is moderately wounded.
You hit the gnoll.
The gnoll is heavily wounded.
The orc barely misses you. The gnoll hits you but does no damage.
The gnoll barely misses you.
The gnoll hits you from afar with a halberd!
Ouch! That really hurt!
You die...

#####
.....###########
#.o.........#..
#@g(<........
#..g.........
......g..(....?
###......g....#
#............
#.......g...
#..........
_#.......g.
......


You could see 4 gnolls, an orc and a goblin (wandering).

Vanquished Creatures
  An adder (D:2)
  A bat (D:2)
  A giant cockroach (D:1)
  2 goblins (D:1)
  2 hobgoblins (D:1)
  2 kobolds (D:1)
9 creatures vanquished.

Notes
Turn   | Place    | Note
--------------------------------------------------------------
     0 | D:1      | Gorice, the Demonspawn Wanderer, began the quest for the Orb.
     0 | D:1      | Gorice set off with: a wand of frost (15), a +0 ring mail, a +0 hand axe, a bread ration {!e}
     0 | D:1      | Reached XP level 1. HP: 18/18 MP: 1/1
   169 | D:1      | Gained mutation: You have large cloven feet. [demonic ancestry]
   169 | D:1      | Reached XP level 2. HP: 17/24 MP: 2/2
   182 | D:1      | Reached skill level 2 in Axes
   254 | D:2      | HP: 7/24 [bat (1)]
   259 | D:2      | HP: 5/24 [poisoned by an adder]
   266 | D:2      | HP: 4/24 [poisoned by an adder]
   274 | D:2      | HP: 2/24 [poisoned by an adder]
   553 | D:3      | Found a shimmering altar of Xom.
   560 | D:3      | Slain by a gnoll

Action                   || total
-------------------------++-------
Melee: Hand axe          ||    44
Throw: Stone             ||     1

Table legend:
 A = Turns spent in this place as a percentage of turns spent in the entire game.
 B = Non-inter-level travel turns spent in this place as a percentage of non-inter-level travel turns spent in the entire game.
 C = Inter-level travel turns spent in this place as a percentage of turns spent in this place.
 D = Turns resting spent in this place as a percentage of non-inter-level travel turns spent in this place.
 E = Turns spent auto-exploring this place as a percentage of non-inter-level travel turns spent in this place.
 F = Non-inter-level travel turns spent in this place divided by the number of levels of this place that you've seen.
                   A       B       C       D       E      F
               +-------+-------+-------+-------+-------+----------------------
         Total | 100.0 | 100.0 |   0.0 |   2.5 |   3.9 |  68.0
       Dungeon | 100.0 | 100.0 |   0.0 |   2.5 |   3.9 |  68.0
               +-------+-------+-------+-------+-------+----------------------

Vault maps used:
D:1:      matt_arrival_refuge, minmay_curled_crystal
D:2:      lemuel_doored_altar, first_bread, st_stairs_6, serial_bayou_lake_a
D:3:      nicolae_overflow_hidden_temple
